 Dungeon Crawl Stone Soup version 0.31-a0-750-gfe7b580527 (webtiles) character file.

Game seed: 5220661368116364482

98 Aneyh the Caller (level 4, -1/24 HPs)
             Began as a Tengu Summoner on Sept 15, 2023.
             Slain by Grinder (4 damage)
             ... on level 3 of the Dungeon.
             The game lasted 00:04:19 (1694 turns).

Aneyh the Caller (Tengu Summoner)                   Turns: 1694, Time: 00:04:20

Health: -1/24      AC:  2    Str:  9    XL:     4   Next: 69%
Magic:  0/8        EV: 12    Int: 15    God:
Gold:   180        SH:  0    Dex: 16    Spells: 6/7 levels left

rFire   . . .        d - +0 spear
rCold   . . .        (no shield)
rNeg    . . .        a - +0 robe
rPois   .            (helmet restricted)
rElec   .            (no cloak)
rCorr   .            (no gloves)
SInv    .            (boots unavailable)
Will    .....        (no amulet)
Stlth   ++           (no ring)
HPRegen 0.24/turn    (no ring)
MPRegen 0.11/turn

%: acrobat
@: no status effects
A: beak, talons 3, acrobatic
a: no special abilities


You were on level 3 of the Dungeon.
You visited 1 branch of the dungeon, and saw 3 of its levels.

You collected 180 gold pieces.

Inventory:

Hand Weapons
 d - a +0 spear (weapon)
 m - a +0 falchion
Armour
 a - a +0 robe (worn)
 k - a +0 kite shield
 q - a +0 tower shield
Jewellery
 n - a ring of protection from cold
Scrolls
 e - 2 scrolls of enchant armour {unknown}
 g - 2 scrolls of noise {unknown}
 i - a scroll of amnesia {unknown}
 j - a scroll of teleportation {unknown}
Potions
 b - a potion of magic
 c - a potion of attraction {unknown}
 f - a potion of might {unknown}
 h - a potion of resistance {unknown}
 l - 2 potions of curing {unknown}
 o - a potion of haste {unknown}
 p - a potion of enlightenment {unknown}


   Skills:
 - Level 2.1 Dodging
 - Level 2.0 Stealth
 - Level 2.0 Spellcasting
 + Level 7.2 Summonings


You had 6 spell levels left.
You knew the following spells:

 Your Spells              Type           Power      Damage    Failure   Level
a - Summon Small Mammal   Summ           92%        N/A       1%          1

Your spell library contained the following spells:

 Spells                   Type           Power      Damage    Failure   Level
 Call Imp                 Summ           46%        N/A       1%          2
 Call Canine Familiar     Summ           23%        N/A       3%          3
 Summon Guardian Golem    Hex/Summ       12%        N/A       16%         3
 Summon Lightning Spire   Summ/Air       12%        N/A       45%         4


Dungeon Overview and Level Annotations

Branches:
Dungeon (3/15)

Altars:

Annotations:
D:3 Grinder


Innate Abilities, Weirdness & Mutations

You have a beak for a mouth.
You have claws for feet.
You can magically evade attacks while moving or waiting.


Message History

Grinder is almost dead.
Your quokka closely misses Grinder.
Grinder hits your quokka.
Your quokka writhes in agony.
Your quokka dies!
Your quokka's corpse disappears in a puff of smoke!
Casting: Summon Small Mammal (safe; 1% risk of failure)
Confirm with . or Enter, or press ? or * to list all spells.
You swap places.
Grinder hits your rat.
Your rat dies!
Your rat's corpse disappears in a puff of smoke!
Casting: Summon Small Mammal (safe; 1% risk of failure)
Confirm with . or Enter, or press ? or * to list all spells.
Grinder says, "Mostly I couldn't keep them alive."
Grinder hits your bat.
Your bat dies!
Your bat's corpse disappears in a puff of smoke!
Unknown command.
Casting: Summon Small Mammal (safe; 1% risk of failure)
Confirm with . or Enter, or press ? or * to list all spells.
Grinder barely misses your quokka. Grinder misses your quokka.
Your quokka closely misses Grinder.
Something hits your quokka.
Your quokka dies!
Your quokka's corpse disappears in a puff of smoke!
Casting: Summon Small Mammal (safe; 1% risk of failure)
Confirm with . or Enter, or press ? or * to list all spells.
Something hits your bat!
Your bat dies!
Your bat's corpse disappears in a puff of smoke!
Grinder gestures at you.
You suddenly lose the ability to move!
Grinder hits you but does no damage.
You can move again.
Casting: Summon Small Mammal (safe; 1% risk of failure)
Confirm with . or Enter, or press ? or * to list all spells.
Grinder hits you!
* * * LOW HITPOINT WARNING * * *
You writhe in agony.
You die...
Grinder says, "Now the real fun starts!"

##...# #...#.#.5.§.# #.#
##...# #.....#.###.# #.#
##...# #...###.# #.# #.#
##...##########.###.#
#.###
##.....§........#...#
#...#
#...############.###
#.### ##5..####.....#
#.#.###.#
......(>...##.###5#..##.#
#######.#..##..r@.#.....#
... #.#..#########.####
... #.#.......#....# ...
#.#..####.#.#### ...
#.##.#.#.....# ###
##.##.#....#.##
#.....#.#.####
#.....#.........#
#....##.#######.#


You could see Grinder (ally target) and a friendly quokka (summoned).

Vanquished Creatures
  A howler monkey (D:3)
  An adder (D:3)
  A dart slug (D:2)
  3 orcs (D:2)
  2 ball pythons (D:2)
  4 endoplasms
  A giant cockroach (D:3)
  A goblin (D:1)
  2 jackals (D:1)
  A quokka (D:2)
  2 frilled lizards
  6 kobolds
  3 rats (D:2)
28 creatures vanquished.

Vanquished Creatures (collateral kills)
  An adder (D:3)
  A ball python (D:2)
  An endoplasm (D:1)
  A goblin (D:1)
  A hobgoblin (D:1)
  A jackal (D:1)
  A kobold (D:2)
  2 rats (D:1)
9 creatures vanquished.

Grand Total: 37 creatures vanquished

Notes
Turn   | Place    | Note
-------+----------+-------------------------------------------
     0 | D:1      | Aneyh the Tengu Summoner began the quest for the Orb.
     0 | D:1      | Reached XP level 1. HP: 10/10 MP: 4/4
    95 | D:1      | Reached skill level 5 in Summonings
   105 | D:1      | Reached XP level 2. HP: 13/15 MP: 4/6
   262 | D:1      | Found a faded altar of an unknown god.
   889 | D:2      | Reached XP level 3. HP: 19/19 MP: 7/7
   957 | D:2      | Reached skill level 6 in Summonings
  1433 | D:3      | Reached XP level 4. HP: 16/24 MP: 8/8
  1561 | D:3      | Reached skill level 7 in Summonings
  1561 | D:3      | Noticed Grinder
  1586 | D:3      | Paralysed by Grinder for 4 turns
  1654 | D:3      | Paralysed by Grinder for 2 turns
  1689 | D:3      | Paralysed by Grinder for 5 turns
  1694 | D:3      | Slain by Grinder

Illustrated notes

Levels and vault maps discovered:
D:1:      grunt_arrival_crossed_arrows, layout_rooms,
          shapermc_ecumenical_altar_notcrosses, serial_rivers,
          chequers_serial_rivers_micro_a, chequers_serial_rivers_micro_c,
          chequers_serial_rivers_micro_a, chequers_serial_rivers_marsh,
          chequers_serial_rivers_marsh
D:2:      layout_loops_ring
D:3:      layout_basic, uniq_grinder

Skill      XL: |  1  2  3  4 |
---------------+-------------+-----
Summonings     | 5 6 7 |  7.2
Dodging        | |  2.1
Stealth        | |  2.0
Spellcasting   | |  2.0

Action                     |  1- 3 |  4- 6 || total
---------------------------+-------+-------++-------
  Melee: Dagger            |    44 |       ||    44
         Kick              |    18 |     3 ||    21
         Unarmed           |     3 |       ||     3
         Peck              |    10 |       ||    10
         Falchion          |    13 |     8 ||    21
         Spear             |       |    14 ||    14
   Cast: Summon Small Mamm |    19 |    23 ||    42
   Stab: Sleeping          |     3 |       ||     3
         Distracted        |     1 |       ||     1
 Armour: Robe              |    23 |    13 ||    36
  Dodge: Dodged            |    51 |     7 ||    58

Table legend: (Time is in decaauts)
 A = Elapsed time spent in this place.
 B = Non-inter-level travel time spent in this place.
 C = Inter-level travel time spent in this place.
 D = Time resting spent in this place.
 E = Time spent auto-exploring this place.
 F = Levels seen in this place.
 G = Mean time per level.
                   A        B        C        D        E       F      G
               +--------+--------+--------+--------+--------+-----+--------+
         Total |   1705 |   1643 |     62 |     57 |   1142 |   3 |  568.3 |
       Dungeon |   1705 |   1643 |     62 |     57 |   1142 |   3 |  568.3 |
               +--------+--------+--------+--------+--------+-----+--------+

Top non-repeatable levels by time:
     D:1: 676 daAuts
     D:2: 645 daAuts
     D:3: 383 daAuts
